 Dungeon Crawl Stone Soup version 0.30-a0-630-g881e3bac89 (console) character file.

Game seed: 16089099358025472640

2859 Ignak the Trooper (level 9, -6/92 HPs)
             Began as an Ogre Warper on Jan 13, 2023.
             Was an Elder of Jiyva.
             Mangled by an orc warrior
             ... wielding a +0 glaive
              (9 damage)
             ... in a bailey.
             The game lasted 00:26:23 (7228 turns).

Ignak the Trooper (Ogre Warper)                     Turns: 7228, Time: 00:26:24

Health: -6/92      AC:  5    Str: 21    XL:     9   Next: 75%
Magic:  17/17      EV: 10    Int: 14    God:    Jiyva [****..]
Gold:   313        SH:  0    Dex:  8    Spells: 7/19 levels left

rFire   + . .      SeeInvis +    o - +2 mace (drain)
rCold   . . .      Faith    .    (no shield)
rNeg    . . .      Spirit   .    n - +2 robe {rF+}
rPois   .          Reflect  .    (helmet restricted)
rElec   .          Harm     .    (no cloak)
rCorr   +          Rampage  .    (gloves unavailable)
Will    .....                    (boots unavailable)
Stlth   +                        (no amulet)
HPRegen 1.63/turn                (no ring)
MPRegen 0.55/turn                (no ring)

@: hasted, very quick
A: large, unfitting armour, tough skin 1, see invisible, eyeballs 3, evolution 2
a: Renounce Religion, Oozemancy, Slimify


You were in a bailey.
You worshipped Jiyva.
Jiyva was greatly pleased with you.
You visited 2 branches of the dungeon, and saw 9 of its levels.
You also visited: Sewer, Ossuary and Bailey.

You collected 313 gold pieces.

Inventory:

Hand Weapons
 o - a +2 mace of draining (weapon)
Armour
 d - a +0 kite shield
 n - a +2 robe of fire resistance (worn)
Jewellery
 e - a ring of ice
Scrolls
 a - 3 scrolls of enchant armour
 f - 2 scrolls of teleportation
 k - a scroll of silence
 l - a scroll of blinking
 p - a scroll of amnesia
 r - a scroll of enchant weapon
Potions
 c - 2 potions of haste
 g - a potion of magic {unknown}
 h - a potion of mutation
 i - a potion of might {unknown}
 j - a potion of flight {unknown}
 m - a potion of brilliance {unknown}
 q - a potion of ambrosia {unknown}


   Skills:
 + Level 6.8 Fighting
 * Level 6.7 Maces & Flails
 - Level 1.0 Throwing
 + Level 3.8 Armour
 + Level 4.8 Dodging
 - Level 1.0 Unarmed Combat
 + Level 5.8 Spellcasting
 + Level 5.2 Translocations


You had 7 spell levels left.
You knew the following spells:

 Your Spells              Type           Power      Damage    Failure   Level
a - Teleport Other        Tloc           18%        N/A       5%          3
b - Blink                 Tloc           36%        N/A       2%          2
c - Vhi's Electric Charg  Tloc/Air       22%        N/A       16%         3
d - Manifold Assault      Tloc           18%        N/A       19%         4

Your spell library contained the following spells:

 Spells                   Type           Power      Damage    Failure   Level
 Lesser Beckoning         Tloc           36%        N/A       5%          3
 Scorch                   Fire           8%         2d5       24%         2
 Ignite Poison            Fire/Tmut/Pois 4%         N/A       43%         3
 Inner Flame              Hex/Fire       4%         N/A       43%         3
 Cause Fear               Hex            2%         N/A       85%         4
 Flame Wave               Conj/Fire      4%         2d5       85%         4
 Sticky Flame             Conj/Fire      4%         2d3       85%         4
 Summon Cactus Giant      Summ           2%         N/A       100%        6
 Discord                  Hex            2%         N/A       100%        8
 Ignition                 Fire           2%         3d3       100%        8


Dungeon Overview and Level Annotations

Branches:
Dungeon (8/15)             Temple (1/1) D:7           Sewer (visited)
Ossuary (visited)          Bailey (1/1)
   Lair: D:8-11

Altars:
Gozag
Nemelex Xobeh
Okawaru

Shops:
D:1 :


Innate Abilities, Weirdness & Mutations

You are too large for most types of armour.
You have tough skin. (AC +1)
You have supernaturally acute eyesight. (SInv)
Your body is covered in eyes which may confuse attackers. (Acc +7, SInv)
You have great hidden genetic potential.


Message History

Okay, then.
Unknown command.
Casting: Vhi's Electric Charge (dangerous; 16% risk of failure)
Confirm with . or Enter, or press ? or * to list all spells.
Okay, then.
Unknown command.
The orc warrior hits you from afar with a +0 halberd!
The orc warrior hits you from afar with a +0 glaive!
The orc warrior hits you but does no damage.
The orc warrior hits you from afar with a +0 spear.
Casting: Vhi's Electric Charge (dangerous; 16% risk of failure)
Confirm with . or Enter, or press ? or * to list all spells.
You blink.
The orc warrior hits you from afar with a +0 halberd.
The orc warrior hits you with a +0 glaive!
The orc hits you but does no damage.
You closely miss the orc warrior. The orc warrior barely misses you.
The orc misses you.
The jelly hits the orc but does no damage.
The orc warrior closely misses you.
The orc warrior hits you from afar with a +0 spear!
The orc barely misses you.
You hit the orc warrior. You drain the orc warrior.
The orc warrior is lightly wounded.
The orc warrior hits you from afar with a +0 halberd.
* * * LOW HITPOINT WARNING * * *
The orc hits you from afar with a +0 spear.
* * * LOW HITPOINT WARNING * * *
The jelly hits the orc but does no damage.
The orc warrior misses you. The orc hits you but does no damage.
You feel yourself speed up.
You feel stable enough to blink again.
The orc warrior is no longer covered in acid.
The orc warrior hits you from afar with a +0 halberd!
* * * LOW HITPOINT WARNING * * *
The orc hits you from afar with a +0 spear.
* * * LOW HITPOINT WARNING * * *
The jelly hits the orc but does no damage.
The orc warrior hits you with a +0 glaive!
You die...

♣♣♣♣♣♣♣♣ ♣♣.@o...♣♣
♣...o....♣
#♣.ooo.∩..♣#
#....J.....#
##..........##
#............###
#.♣............♣
###.♣♣.......♣.♣..♣
♣♣................≈≈#


You could see 3 orc warriors, 2 orcs and a neutral jelly (distracted) (fellow
slime).

Vanquished Creatures
  A hornet (D:8)
  A wyvern (D:7)
  A sky beast (D:7)
  A black bear (D:4)
  A centaur (D:7)
  3 bullfrogs
  A phantom (D:4)
  A kobold brigand (D:7)
  Blork the orc (D:6)
  9 scorpions
  3 wights (D:7)
  A centaur zombie (Ossuary)
  2 human zombies (Ossuary)
  3 jellies (Sewer)
  5 orc priests
  Crazy Yiuf (D:3)
  3 hounds
  3 iguanas
  2 scorpion zombies (Ossuary)
  6 orc wizards
  A mummy (Ossuary)
  2 gnolls (D:8)
  9 adders
  7 river rats
  A shadow imp (D:8)
  A worm (D:2)
  3 dart slugs
  31 orcs
  15 ball pythons
  10 endoplasms
  5 giant cockroaches
  2 gnoll zombies (Ossuary)
  10 goblins
  10 hobgoblins
  8 jackals
  7 kobolds
  A quokka (D:1)
  10 bats
  7 frilled lizards
  3 goblin zombies (Ossuary)
  3 hobgoblin zombies (Ossuary)
  8 rats
203 creatures vanquished.

Vanquished Creatures (others)
  An ogre (D:3)
  A centaur (D:7)
  A scorpion (D:5)
  2 necrophages
  2 howler monkeys
  5 jellies
  A human zombie (Ossuary)
  3 hounds
  2 iguanas
  2 scorpion zombies (Ossuary)
  2 mummies (Ossuary)
  An adder (D:3)
  A gnoll zombie (Ossuary)
  An orc zombie (Ossuary)
  2 demonic plants (D:2)
27 creatures vanquished.

Grand Total: 230 creatures vanquished

Notes
Turn   | Place    | Note
-------+----------+-------------------------------------------
     0 | D:1      | Ignak the Ogre Warper began the quest for the Orb.
     0 | D:1      | Reached XP level 1. HP: 22/22 MP: 3/3
   231 | D:1      | Reached XP level 2. HP: 27/29 MP: 3/5
   231 | D:1      | Found Nuimer's Vocational Training.
   265 | D:1      | Learned a level 2 spell: Blink
   800 | D:1      | Reached XP level 3. HP: 36/36 MP: 6/6
   804 | D:1      | Learned a level 3 spell: Teleport Other
  1178 | D:2      | Found a faded altar of an unknown god.
  1178 | D:2      | Noticed an orange demon
  1369 | D:2      | Reached XP level 4. HP: 43/45 MP: 6/8
  1413 | D:2      | Learned a level 3 spell: Vhi's Electric Charge
  1520 | D:2      | Reached skill level 1 in Unarmed Combat
  1894 | D:3      | Reached skill level 1 in Armour
  2028 | D:3      | Found a glowing drain.
  2054 | Sewer    | Entered a sewer
  2203 | Sewer    | Reached XP level 5. HP: 48/53 MP: 9/9
  2504 | Sewer    | Reached XP level 6. HP: 37/62 MP: 10/10
  2696 | Sewer    | Found a viscous altar of Jiyva.
  2725 | Sewer    | Became a worshipper of Jiyva Jantucea the Shapeless
  3298 | D:3      | Found a runed translucent door.
  3303 | D:3      | Noticed Crazy Yiuf
  3313 | D:3      | Killed Crazy Yiuf
  4028 | D:4      | Reached * piety under Jiyva
  4107 | D:4      | Reached XP level 7. HP: 55/71 MP: 7/12
  4450 | D:5      | Entered Level 5 of the Dungeon
  4636 | D:5      | Reached ** piety under Jiyva
  4683 | D:5      | Reached skill level 5 in Fighting
  4779 | D:5      | Reached XP level 8. HP: 78/80 MP: 14/14
  4809 | D:5      | Found a sparkling altar of Nemelex Xobeh.
  4843 | D:5      | You fall into a shaft and drop 2 floors!
  5085 | D:7      | Noticed a wyvern
  5309 | D:6      | Reached *** piety under Jiyva
  5382 | D:6      | Reached skill level 5 in Maces & Flails
  5500 | D:6      | Noticed Blork the orc
  5508 | D:6      | Killed Blork the orc
  5653 | D:6      | Found a sand-covered staircase.
  5661 | Ossuary  | Entered an ossuary
  5726 | Ossuary  | Gained mutation: You have hidden genetic potential. [potion
                  | of mutation]
  5901 | Ossuary  | Reached skill level 5 in Spellcasting
  5954 | Ossuary  | Reached XP level 9. HP: 89/89 MP: 16/16
  6088 | Ossuary  | Learned a level 4 spell: Manifold Assault
  6511 | D:7      | Gained mutation: You have supernaturally acute eyesight.
                  | (SInv) [hidden potential]
  6525 | D:7      | Gained mutation: Your body has grown eyes which may confuse
                  | attackers. (Acc +3) [Jiyva's grace]
  6525 | D:7      | Gained mutation: Your body has grown many eyes which may
                  | confuse attackers. (Acc +5) [Jiyva's grace]
  6525 | D:7      | Gained mutation: Your body is covered in eyes which may
                  | confuse attackers. (Acc +7, SInv) [Jiyva's grace]
  6525 | D:7      | Gained mutation: You have great hidden genetic potential.
                  | [Jiyva's grace]
  6540 | D:7      | Reached skill level 5 in Translocations
  6742 | D:7      | Found a staircase to the Ecumenical Temple.
  6752 | Temple   | Entered the Ecumenical Temple
  6973 | D:8      | Noticed a hornet
  6973 | D:8      | Paralysed by a hornet for 2 turns
  6986 | D:8      | Killed a hornet
  7066 | D:8      | Reached **** piety under Jiyva
  7095 | D:8      | Found a flagged portal.
  7143 | Bailey   | Entered a bailey
  7228 | Bailey   | HP: 3/92 [orc/+0 spear (2)]
  7228 | Bailey   | Mangled by an orc warrior

Illustrated notes

Levels and vault maps discovered:
D:1:      onia_arrival_pentagram, layout_basic, nicolae_shop_vocational
D:2:      layout_rooms, dreamdust_ecumenical_altar_sealed_demon,
          minmay_misc_feat_tower, serial_park_tiny_pond
D:3:      layout_basic, portal_sewer_entry_c, uniq_crazy_yiuf_cottage
D:4:      layout_rooms, serial_park_tiny_2, minmay_bisected
D:5:      layout_basic, makhleb_altar_promises_db, amcnicky_altar_gilded,
          grunt_ministairs_3, grunt_decor_one_mirror
D:6:      layout_basic, chequers_ossuary_entry_cave, serial_glass,
          glass_columns_b, glass_columns_b, uniq_blork_the_orc
D:7:      layout_basic, minmay_temple_entry_junction, nicolae_eternal_life,
          minmay_strange_pillars, amcnicky_mini_rare_corridor_liquid,
          david_defended_altar_orc
D:8:      layout_loops_cross, nicolae_overflow_hidden_temple,
          kennysheep_slug_shrine, enter_bailey_7, hangedman_ranch
Temple:   chequers_temple_sunken
Bailey:   bailey_polearm_elven_captive_hellmonk, bailey

Skill      XL: |  1  2  3  4  5  6  7  8  9 |
---------------+----------------------------+-----
Maces & Flails | 2 3 4 5 6 |  6.7
Fighting       | 3 4 5 6 |  6.8
Unarmed Combat | 1 |  1.0
Translocations | 3 4 5 |  5.2
Armour         | 1 2 3 |  3.8
Spellcasting   | 3 4 5 |  5.8
Dodging        | 3 4 |  4.8
Throwing       | |  1.0

Action                   |  1- 3 |  4- 6 |  7- 9 || total
-------------------------+-------+-------+-------++-------
Melee: Mace              |   145 |    81 |   446 ||   672
       Punch             |     1 |     4 |     6 ||    11
       Flail             |       |   157 |       ||   157
Throw: Boomerang         |       |    25 |       ||    25
 Cast: Blink             |     1 |    14 |     7 ||    22
       Teleport Other    |     1 |     2 |     1 ||     4
       Vhi's Electric Ch |       |     7 |     2 ||     9
       Manifold Assault  |       |       |     2 ||     2
Evoke: Wand              |       |       |     3 ||     3
  Use: Scroll            |     1 |     4 |     7 ||    12
       Potion            |       |       |     6 ||     6
 Stab: Sleeping          |     1 |       |       ||     1
       Confused          |       |       |     2 ||     2
Armor: Robe              |    82 |    83 |   119 ||   284
Dodge: Dodged            |   110 |   186 |   252 ||   548

Table legend: (Time is in decaauts)
 A = Elapsed time spent in this place.
 B = Non-inter-level travel time spent in this place.
 C = Inter-level travel time spent in this place.
 D = Time resting spent in this place.
 E = Time spent auto-exploring this place.
 F = Levels seen in this place.
 G = Mean time per level.
                   A        B        C        D        E       F      G
               +--------+--------+--------+--------+--------+-----+--------+
         Total |   7385 |   7285 |    100 |   1453 |   2574 |  12 |  615.4 |
       Dungeon |   6058 |   5958 |    100 |   1001 |   2564 |   8 |  757.2 |
        Temple |      1 |      1 |      0 |      0 |      0 |   1 |    1.0 |
         Sewer |    758 |    758 |      0 |    424 |     10 |   1 |  758.0 |
       Ossuary |    481 |    481 |      0 |     28 |      0 |   1 |  481.0 |
        Bailey |     85 |     85 |      0 |      0 |      0 |   1 |   85.0 |
               +--------+--------+--------+--------+--------+-----+--------+

Top non-repeatable levels by time:
     D:3: 1521 daAuts
     D:1: 1011 daAuts
     D:7: 950 daAuts
   Sewer: 758 daAuts
     D:6: 739 daAuts
     D:2: 734 daAuts
     D:4: 526 daAuts
 Ossuary: 481 daAuts
     D:5: 405 daAuts
     D:8: 169 daAuts
  Bailey: 85 daAuts
  Temple: 1 daAuts
